Capitals vs Senators

Created - February 3 2008 at 11:31

Goals
1 2 3 T
Capitals 1 0 2 3
Senators 3 1 1 5
Shots
1 2 3 T
Capitals 6 10 11 27
Senators 19 9 14 42

Period #1

1. Senators , Ilya Kovalchuk 23 (Jason Spezza, Maxim Afinogenov) at 2:34 (PP)
2. Senators , Jason Spezza 15 (Ilya Kovalchuk, Jay Bouwmeester) at 4:49
3. Senators , Jordan Staal 20 (Matt Carle, Anton Volchenkov) at 13:53
4. Capitals , Alexander Ovechkin 19 (Alexander Semin, Kris Beech) at 18:02 (PP)

Penalties :
Bryan Muir (WSH) for Holding (Minor) at 1:28, Adrian Aucoin (WSH) for Cross-checking (Minor) at 5:25, Steve Eminger (WSH) for Hooking (Minor) at 11:48, Chris Kunitz (OTT) for Hooking (Minor) at 16:35

Period #2

5. Senators , Jason Spezza 16 (Anton Volchenkov, Jay Bouwmeester) at 0:22

Penalties :
Petr Prucha (OTT) for Tripping (Minor) at 3:34, Adrian Aucoin (WSH) for Roughing (Minor) at 13:00, Brian Pothier (WSH) for Interference (Minor) at 17:24, Christoph Schubert (OTT) for Hooking (Minor) at 19:35

Period #3

6. Capitals , Dainius Zubrus 9 (Matt Pettinger, Ben Clymer) at 1:22 (PP)
7. Senators , Jason Pominville 15 (Andy Mcdonald, Marc-Andre Bergeron) at 1:47 (PP)
8. Capitals , Alexander Semin 20 (Dainius Zubrus, Trent Hunter) at 12:34

Penalties :
Jeff Schultz (WSH) for Roughing (Minor) at 1:35, Trent Hunter (WSH) for Tripping (Minor) at 3:21, Chris Kunitz (OTT) for Charging (Minor) at 5:15, Michel Ouellet (OTT) for Interference (Minor) at 12:56, Christoph Schubert (OTT) for Roughing (Minor) at 19:50

Goalie Stats

Fredrik Norrena (WSH), 37 saves from 42 shots - (0.881), L, 14-10-6, 60:00 minutes
Pascal Leclaire (OTT), 24 saves from 27 shots - (0.889), W, 11-7-2, 60:00 minutes

Players Stats

Capitals
Player Name              G  A  P  +/- PIM S  H  SB FO MP 
-----------------------------------------------------------
Adrian Aucoin            0  0  0   0  4   3  1  2  0  17 
Alexander Ovechkin       1  0  1  -3  0   3  5  0  1  25 
Alexander Semin          1  1  2   1  0   4  0  0  2  18 
Ben Clymer               0  1  1  -3  0   0  0  1  0  20 
Brian Pothier            0  0  0   1  2   0  2  1  0  22 
Brian Sutherby           0  0  0   0  0   1  1  0  24 17 
Bryan Muir               0  0  0   1  2   0  1  0  0  18 
Chris Clark              0  0  0  -3  0   1  0  0  3  20 
Dainius Zubrus           1  1  2   1  0   8  3  0  29 22 
David Vyborny            0  0  0  -3  0   2  0  1  28 22 
Jeff Schultz             0  0  0   0  2   0  2  0  0  18 
Kris Beech               0  1  1   0  0   0  0  0  2  8  
Matt Pettinger           0  1  1   0  0   1  0  0  0  7  
Richard Zednik           0  0  0   0  0   2  1  0  3  15 
Ryane Clowe              0  0  0   0  0   1  0  0  1  13 
Shaone Morrisonn         0  0  0  -3  0   1  1  3  0  25 
Steve Eminger            0  0  0   0  2   0  0  1  0  7  
Trent Hunter             0  1  1   1  2   0  1  1  2  14 
Senators
Player Name              G  A  P  +/- PIM S  H  SB FO MP 
-----------------------------------------------------------
Andy Mcdonald            0  1  1  -1  0   5  1  0  27 23 
Anton Volchenkov         0  2  2   2  0   0  2  0  0  24 
Brenden Morrow           0  0  0   0  0   1  0  0  1  4  
Chris Kunitz             0  0  0   1  4   4  4  0  4  18 
Christoph Schubert       0  0  0   1  4   1  1  1  0  16 
Ilya Kovalchuk           1  1  2   2  0   1  0  1  3  22 
Jason Pominville         1  0  1  -1  0   5  1  0  2  19 
Jason Spezza             2  1  3   2  0   4  0  0  25 22 
Jay Bouwmeester          0  2  2   2  0   2  0  4  0  24 
Jordan Staal             1  0  1   1  0   7  0  0  13 16 
Marc-Andre Bergeron      0  1  1  -1  0   0  0  0  0  23 
Matt Carle               0  1  1   1  0   2  0  0  0  16 
Maxim Afinogenov         0  1  1   2  0   2  0  0  10 21 
Michel Ouellet           0  0  0   0  2   0  0  0  1  3  
Mike Cammalleri          0  0  0   1  0   5  0  0  2  15 
Petr Prucha              0  0  0  -1  2   2  2  0  3  13 
Rostislav Olesz          0  0  0   0  0   0  0  0  4  4  
Tom Preissing            0  0  0  -1  0   1  1  1  0  23 

3 Stars

1 - Jason Spezza (OTT)
2 - Dainius Zubrus (WSH)
3 - Ilya Kovalchuk (OTT)

Power Play

Capitals - 2 on 6 Attempt(s) - 33.33%
Senators - 2 on 7 Attempt(s) - 28.57%

Penalty Kill

Capitals - 5 on 7 Attempt(s) - 71.43% - Score 0 goal in Penalty Kill
Senators - 4 on 6 Attempt(s) - 66.67% - Score 0 goal in Penalty Kill

Game Notes

No Game Note

Finance

Level 1 -- Attendance: 4673 (77.88%) -- Ticket Income $420,570.00
Level 2 -- Attendance: 4560 (86.86%) -- Ticket Income $214,320.00
Level 3 -- Attendance: 1621 (72.04%) -- Ticket Income $48,630.00
Level 4 -- Attendance: 3716 (92.90%) -- Ticket Income $74,320.00
Luxury Box -- Attendance: 897 (89.70%) -- Ticket Income $152,490.00
Game was played at the Corel Centre
Total Attendance: 15467 (83.61%)
Total Ticket Income: $926,790.80
Other Income: $155,539.20
Total Income: $1,082,330.00


Play by Play

Period #1

0:01 of 1st period - Jason Spezza wins face-off versus David Vyborny in neutral zone.
0:26 of 1st period - Shot by Maxim Afinogenov.
0:26 of 1st period - Stopped by Fredrik Norrena with a rebound.
0:30 of 1st period - Shot by Maxim Afinogenov.
0:30 of 1st period - Shot Misses the Net.
0:32 of 1st period - Shot by Jason Spezza.
0:32 of 1st period - Shot Misses the Net.
0:34 of 1st period - Shot by Jay Bouwmeester.
0:34 of 1st period - Stopped by Fredrik Norrena with a rebound.
0:53 of 1st period - Icing by Ben Clymer.
0:54 of 1st period - Andy Mcdonald wins face-off versus David Vyborny in Capitals zone.
1:13 of 1st period - Shot by Petr Prucha.
1:13 of 1st period - Deflect By Jason Pominville.
1:13 of 1st period - Stopped by Fredrik Norrena without a rebound.
1:14 of 1st period - Alexander Semin wins face-off versus Jordan Staal in Capitals zone.
1:28 of 1st period - Minor Penalty to Bryan Muir for Holding.
1:29 of 1st period - Andy Mcdonald wins face-off versus Kris Beech in Capitals zone.
1:46 of 1st period - Shot by Andy Mcdonald.
1:46 of 1st period - Stopped by Fredrik Norrena with a rebound.
1:50 of 1st period - Shot by Marc-Andre Bergeron.
1:50 of 1st period - Shot Misses the Net.
1:52 of 1st period - Shot by Jason Pominville.
1:52 of 1st period - Stopped by Fredrik Norrena without a rebound.
1:53 of 1st period - Jason Spezza wins face-off versus Brian Sutherby in Capitals zone.
2:32 of 1st period - Shot by Jason Spezza.
2:32 of 1st period - Shot Hit the Post.
2:34 of 1st period - Shot by Ilya Kovalchuk.
2:34 of 1st period - Goal by Ilya Kovalchuk - Capitals : 0 - Senators : 1.
2:35 of 1st period - Andy Mcdonald wins face-off versus Brian Sutherby in neutral zone.
2:52 of 1st period - Shot by Andy Mcdonald.
2:52 of 1st period - Shot Misses the Net.
4:49 of 1st period - Shot by Jason Spezza.
4:49 of 1st period - Goal by Jason Spezza - Capitals : 0 - Senators : 2.
4:50 of 1st period - Brian Sutherby wins face-off versus Andy Mcdonald in neutral zone.
4:55 of 1st period - Icing by Tom Preissing.
4:56 of 1st period - Brian Sutherby wins face-off versus Andy Mcdonald in Senators zone.
5:21 of 1st period - Shot by Andy Mcdonald.
5:21 of 1st period - Shot Misses the Net.
5:25 of 1st period - Shot by Petr Prucha.
5:25 of 1st period - Stopped by Fredrik Norrena without a rebound.
5:25 of 1st period - Minor Penalty to Adrian Aucoin for Cross-checking.
5:26 of 1st period - Jason Spezza wins face-off versus Brian Sutherby in Capitals zone.
5:29 of 1st period - Shot by Ilya Kovalchuk.
5:29 of 1st period - Shot Misses the Net.
5:58 of 1st period - Shot by Jay Bouwmeester.
5:58 of 1st period - Stopped by Fredrik Norrena without a rebound.
5:59 of 1st period - Brian Sutherby wins face-off versus Andy Mcdonald in Capitals zone.
6:08 of 1st period - Shot by Marc-Andre Bergeron.
6:08 of 1st period - Shot Misses the Net.
6:12 of 1st period - Shot by Andy Mcdonald.
6:12 of 1st period - Stopped by Fredrik Norrena without a rebound.
6:13 of 1st period - Jason Spezza wins face-off versus Dainius Zubrus in Capitals zone.
6:27 of 1st period - Icing by Maxim Afinogenov.
6:28 of 1st period - Brian Sutherby wins face-off versus Maxim Afinogenov in Senators zone.
6:56 of 1st period - Icing by Chris Kunitz.
6:57 of 1st period - Andy Mcdonald wins face-off versus Dainius Zubrus in Senators zone.
6:57 of 1st period - Andy Mcdonald is hit by Dainius Zubrus.
7:03 of 1st period - Shot by Dainius Zubrus.
7:03 of 1st period - Deflect By Kris Beech.
7:03 of 1st period - Shot Misses the Net.
7:11 of 1st period - Jeff Schultz is hit by Andy Mcdonald and loses puck.
7:27 of 1st period - Shot by Jordan Staal.
7:27 of 1st period - Stopped by Fredrik Norrena with a rebound.
7:29 of 1st period - Shot by Jordan Staal.
7:29 of 1st period - Stopped by Fredrik Norrena with a rebound.
8:15 of 1st period - Mike Cammalleri is hit by Alexander Ovechkin and loses puck.
8:43 of 1st period - Shot by Brenden Morrow.
8:43 of 1st period - Stopped by Fredrik Norrena without a rebound.
8:44 of 1st period - Andy Mcdonald wins face-off versus Brian Sutherby in Capitals zone.
9:14 of 1st period - Shot by Richard Zednik.
9:14 of 1st period - Shot Misses the Net.
9:24 of 1st period - Shot by Andy Mcdonald.
9:24 of 1st period - Shot Misses the Net.
9:26 of 1st period - Shot by Jason Pominville.
9:26 of 1st period - Stopped by Fredrik Norrena without a rebound.
9:27 of 1st period - Jason Spezza wins face-off versus Dainius Zubrus in Capitals zone.
11:18 of 1st period - Icing by Richard Zednik.
11:19 of 1st period - Andy Mcdonald wins face-off versus Brian Sutherby in Capitals zone.
11:28 of 1st period - Shot by Andy Mcdonald.
11:28 of 1st period - Shot Misses the Net.
11:44 of 1st period - Shot by Andy Mcdonald.
11:44 of 1st period - Shot Blocked by Steve Eminger.
11:46 of 1st period - Shot by Jason Pominville.
11:46 of 1st period - Shot Hit the Post.
11:48 of 1st period - Shot by Petr Prucha.
11:48 of 1st period - Stopped by Fredrik Norrena without a rebound.
11:48 of 1st period - Minor Penalty to Steve Eminger for Hooking.
11:49 of 1st period - Jason Spezza wins face-off versus Dainius Zubrus in Capitals zone.
12:46 of 1st period - Icing by Chris Kunitz.
12:47 of 1st period - Jason Pominville wins face-off versus Chris Clark in Senators zone.
12:47 of 1st period - Jason Pominville is hit by Alexander Ovechkin.
13:44 of 1st period - Ilya Kovalchuk is hit by Dainius Zubrus and loses puck.
13:53 of 1st period - Shot by Jordan Staal.
13:53 of 1st period - Goal by Jordan Staal - Capitals : 0 - Senators : 3.
13:54 of 1st period - Jordan Staal wins face-off versus David Vyborny in neutral zone.
14:13 of 1st period - Shot by Matt Carle.
14:13 of 1st period - Stopped by Fredrik Norrena with a rebound.
14:15 of 1st period - Shot by Jordan Staal.
14:15 of 1st period - Stopped by Fredrik Norrena with a rebound.
14:46 of 1st period - Icing by Chris Clark.
14:47 of 1st period - Chris Clark wins face-off versus Rostislav Olesz in Capitals zone.
15:09 of 1st period - Shot by Brenden Morrow.
15:09 of 1st period - Shot Blocked by Shaone Morrisonn.
15:17 of 1st period - Shot by Rostislav Olesz.
15:17 of 1st period - Shot Misses the Net.
15:41 of 1st period - Shot by Richard Zednik.
15:41 of 1st period - Stopped by Pascal Leclaire without a rebound.
15:42 of 1st period - Andy Mcdonald wins face-off versus Dainius Zubrus in Senators zone.
15:42 of 1st period - Tom Preissing is hit by Trent Hunter and loses puck.
16:35 of 1st period - Minor Penalty to Chris Kunitz for Hooking.
16:36 of 1st period - Jason Spezza wins face-off versus Richard Zednik in neutral zone.
17:17 of 1st period - Shot by Adrian Aucoin.
17:17 of 1st period - Stopped by Pascal Leclaire without a rebound.
17:18 of 1st period - Maxim Afinogenov wins face-off versus David Vyborny in Senators zone.
17:33 of 1st period - Shot by David Vyborny.
17:33 of 1st period - Stopped by Pascal Leclaire without a rebound.
17:34 of 1st period - David Vyborny wins face-off versus Maxim Afinogenov in Senators zone.
17:54 of 1st period - Shot by Dainius Zubrus.
17:54 of 1st period - Stopped by Pascal Leclaire with a rebound.
17:56 of 1st period - Shot by David Vyborny.
17:56 of 1st period - Stopped by Pascal Leclaire without a rebound.
17:57 of 1st period - Kris Beech wins face-off versus Ilya Kovalchuk in Senators zone.
18:02 of 1st period - Shot by Alexander Ovechkin.
18:02 of 1st period - Goal by Alexander Ovechkin - Capitals : 1 - Senators : 3.
18:03 of 1st period - Dainius Zubrus wins face-off versus Jordan Staal in neutral zone.
18:16 of 1st period - Shot by Mike Cammalleri.
18:16 of 1st period - Stopped by Fredrik Norrena without a rebound.
18:17 of 1st period - Brian Sutherby wins face-off versus Jordan Staal in Capitals zone.
18:17 of 1st period - Brian Sutherby is hit by Chris Kunitz.
18:43 of 1st period - Ryane Clowe is hit by Christoph Schubert and loses puck.

Period #2

0:01 of 2nd period - Jason Spezza wins face-off versus David Vyborny in neutral zone.
0:06 of 2nd period - Shot by Jason Spezza.
0:06 of 2nd period - Shot Misses the Net.
0:10 of 2nd period - Shot by Jason Spezza.
0:10 of 2nd period - Shot Blocked by Shaone Morrisonn.
0:12 of 2nd period - Shot by Anton Volchenkov.
0:12 of 2nd period - Deflect By Jason Spezza.
0:12 of 2nd period - Shot Misses the Net.
0:14 of 2nd period - Shot by Anton Volchenkov.
0:14 of 2nd period - Shot Blocked by David Vyborny.
0:16 of 2nd period - Shot by Jay Bouwmeester.
0:16 of 2nd period - Shot Blocked by Shaone Morrisonn.
0:18 of 2nd period - Shot by Anton Volchenkov.
0:18 of 2nd period - Shot Misses the Net.
0:20 of 2nd period - Shot by Anton Volchenkov.
0:20 of 2nd period - Shot Misses the Net.
0:22 of 2nd period - Shot by Jason Spezza.
0:22 of 2nd period - Goal by Jason Spezza - Capitals : 1 - Senators : 4.
0:23 of 2nd period - Andy Mcdonald wins face-off versus Dainius Zubrus in neutral zone.
0:38 of 2nd period - Shot by Andy Mcdonald.
0:38 of 2nd period - Deflect By Petr Prucha.
0:38 of 2nd period - Shot Hit the Post.
0:40 of 2nd period - Shot by Tom Preissing.
0:40 of 2nd period - Shot Blocked by Trent Hunter.
0:46 of 2nd period - Shot by Andy Mcdonald.
0:46 of 2nd period - Deflect By Petr Prucha.
0:46 of 2nd period - Shot Blocked by Brian Pothier.
0:48 of 2nd period - Shot by Jason Pominville.
0:48 of 2nd period - Stopped by Fredrik Norrena with a rebound.
0:55 of 2nd period - Andy Mcdonald is hit by Brian Pothier and loses puck.
1:35 of 2nd period - Ilya Kovalchuk is hit by Alexander Ovechkin and loses puck.
3:34 of 2nd period - Minor Penalty to Petr Prucha for Tripping.
3:35 of 2nd period - David Vyborny wins face-off versus Jason Spezza in Capitals zone.
3:44 of 2nd period - Shot by Adrian Aucoin.
3:44 of 2nd period - Stopped by Pascal Leclaire without a rebound.
3:45 of 2nd period - Maxim Afinogenov wins face-off versus David Vyborny in Senators zone.
3:56 of 2nd period - Shot by David Vyborny.
3:56 of 2nd period - Shot Misses the Net.
4:10 of 2nd period - Shot by Alexander Semin.
4:10 of 2nd period - Shot Misses the Net.
4:12 of 2nd period - Shot by Shaone Morrisonn.
4:12 of 2nd period - Stopped by Pascal Leclaire without a rebound.
4:13 of 2nd period - Dainius Zubrus wins face-off versus Maxim Afinogenov in Senators zone.
4:31 of 2nd period - Icing by Adrian Aucoin.
4:32 of 2nd period - Dainius Zubrus wins face-off versus Maxim Afinogenov in Capitals zone.
4:52 of 2nd period - Shot by Chris Clark.
4:52 of 2nd period - Deflect By Dainius Zubrus.
4:52 of 2nd period - Shot Misses the Net.
5:16 of 2nd period - Shot by Alexander Semin.
5:16 of 2nd period - Stopped by Pascal Leclaire without a rebound.
5:17 of 2nd period - Jason Spezza wins face-off versus David Vyborny in Senators zone.
5:33 of 2nd period - Shot by Alexander Ovechkin.
5:33 of 2nd period - Shot Misses the Net.
6:03 of 2nd period - Ryane Clowe is hit by Chris Kunitz and loses puck.
6:41 of 2nd period - Icing by Tom Preissing.
6:42 of 2nd period - Andy Mcdonald wins face-off versus David Vyborny in Senators zone.
7:44 of 2nd period - Shot by Dainius Zubrus.
7:44 of 2nd period - Stopped by Pascal Leclaire without a rebound.
7:45 of 2nd period - Rostislav Olesz wins face-off versus Alexander Semin in Senators zone.
7:47 of 2nd period - Icing by Jay Bouwmeester.
7:48 of 2nd period - Dainius Zubrus wins face-off versus Brenden Morrow in Senators zone.
7:59 of 2nd period - Shot by Dainius Zubrus.
7:59 of 2nd period - Stopped by Pascal Leclaire without a rebound.
8:00 of 2nd period - Jordan Staal wins face-off versus Brian Sutherby in Senators zone.
8:13 of 2nd period - Shot by Chris Kunitz.
8:13 of 2nd period - Stopped by Fredrik Norrena without a rebound.
8:14 of 2nd period - Alexander Ovechkin wins face-off versus Jason Spezza in Capitals zone.
8:25 of 2nd period - Shot by Chris Clark.
8:25 of 2nd period - Deflect By Alexander Ovechkin.
8:25 of 2nd period - Shot Misses the Net.
8:29 of 2nd period - Shot by Alexander Ovechkin.
8:29 of 2nd period - Stopped by Pascal Leclaire without a rebound.
8:30 of 2nd period - Dainius Zubrus wins face-off versus Jordan Staal in Senators zone.
8:51 of 2nd period - Shot by Mike Cammalleri.
8:51 of 2nd period - Shot Misses the Net.
8:53 of 2nd period - Shot by Matt Carle.
8:53 of 2nd period - Stopped by Fredrik Norrena without a rebound.
8:54 of 2nd period - Brian Sutherby wins face-off versus Jason Spezza in Capitals zone.
9:03 of 2nd period - Shot by Maxim Afinogenov.
9:03 of 2nd period - Shot Misses the Net.
9:11 of 2nd period - Shot by Ryane Clowe.
9:11 of 2nd period - Shot Misses the Net.
9:13 of 2nd period - Shot by Brian Sutherby.
9:13 of 2nd period - Shot Misses the Net.
9:15 of 2nd period - Shot by Brian Sutherby.
9:15 of 2nd period - Stopped by Pascal Leclaire without a rebound.
9:16 of 2nd period - Petr Prucha wins face-off versus David Vyborny in Senators zone.
9:30 of 2nd period - Icing by Shaone Morrisonn.
9:31 of 2nd period - David Vyborny wins face-off versus Jordan Staal in Capitals zone.
9:55 of 2nd period - Shot by Alexander Ovechkin.
9:55 of 2nd period - Shot Blocked by Christoph Schubert.
10:21 of 2nd period - Shot by Alexander Semin.
10:21 of 2nd period - Stopped by Pascal Leclaire without a rebound.
10:22 of 2nd period - Brian Sutherby wins face-off versus Jason Spezza in Senators zone.
10:43 of 2nd period - Shot by Jason Spezza.
10:43 of 2nd period - Stopped by Fredrik Norrena without a rebound.
10:44 of 2nd period - Dainius Zubrus wins face-off versus Andy Mcdonald in Capitals zone.
11:22 of 2nd period - Trent Hunter is hit by Petr Prucha and loses puck.
11:32 of 2nd period - Icing by Trent Hunter.
11:33 of 2nd period - Jason Spezza wins face-off versus Dainius Zubrus in Capitals zone.
12:25 of 2nd period - Shot by Alexander Ovechkin.
12:25 of 2nd period - Shot Misses the Net.
12:27 of 2nd period - Shot by Shaone Morrisonn.
12:27 of 2nd period - Shot Misses the Net.
12:31 of 2nd period - Shot by Alexander Ovechkin.
12:31 of 2nd period - Stopped by Pascal Leclaire without a rebound.
12:32 of 2nd period - Ryane Clowe wins face-off versus Mike Cammalleri in Senators zone.
12:39 of 2nd period - Christoph Schubert is hit by Brian Sutherby and loses puck.
12:52 of 2nd period - Shot by Jordan Staal.
12:52 of 2nd period - Shot Blocked by Adrian Aucoin.
12:54 of 2nd period - Shot by Christoph Schubert.
12:54 of 2nd period - Shot Misses the Net.
12:56 of 2nd period - Shot by Chris Kunitz.
12:56 of 2nd period - Shot Misses the Net.
13:00 of 2nd period - Shot by Chris Kunitz.
13:00 of 2nd period - Stopped by Fredrik Norrena without a rebound.
13:00 of 2nd period - Minor Penalty to Adrian Aucoin for Roughing.
13:01 of 2nd period - Dainius Zubrus wins face-off versus Andy Mcdonald in Capitals zone.
13:13 of 2nd period - Icing by Marc-Andre Bergeron.
13:14 of 2nd period - Dainius Zubrus wins face-off versus Andy Mcdonald in Senators zone.
13:43 of 2nd period - Shot by Tom Preissing.
13:43 of 2nd period - Stopped by Fredrik Norrena without a rebound.
13:44 of 2nd period - Jason Spezza wins face-off versus Brian Sutherby in Capitals zone.
14:43 of 2nd period - Shot by Andy Mcdonald.
14:43 of 2nd period - Stopped by Fredrik Norrena without a rebound.
14:44 of 2nd period - Brian Sutherby wins face-off versus Chris Kunitz in Capitals zone.
15:26 of 2nd period - Icing by David Vyborny.
15:27 of 2nd period - Andy Mcdonald wins face-off versus David Vyborny in Capitals zone.
15:46 of 2nd period - Icing by Andy Mcdonald.
15:47 of 2nd period - Andy Mcdonald wins face-off versus Dainius Zubrus in Senators zone.
16:12 of 2nd period - Shot by Dainius Zubrus.
16:12 of 2nd period - Stopped by Pascal Leclaire with a rebound.
16:39 of 2nd period - Maxim Afinogenov is hit by Bryan Muir and loses puck.
16:56 of 2nd period - Shot by Jason Spezza.
16:56 of 2nd period - Shot Misses the Net.
17:07 of 2nd period - Maxim Afinogenov is hit by Brian Pothier and loses puck.
17:23 of 2nd period - Icing by Alexander Semin.
17:24 of 2nd period - Chris Kunitz wins face-off versus Dainius Zubrus in Capitals zone.
17:24 of 2nd period - Minor Penalty to Brian Pothier for Interference.
17:25 of 2nd period - Brian Sutherby wins face-off versus Andy Mcdonald in Capitals zone.
17:36 of 2nd period - Jeff Schultz is hit by Chris Kunitz and loses puck.
17:43 of 2nd period - Shot by Andy Mcdonald.
17:43 of 2nd period - Stopped by Fredrik Norrena without a rebound.
17:44 of 2nd period - Brian Sutherby wins face-off versus Jason Spezza in Capitals zone.
19:22 of 2nd period - Icing by Jordan Staal.
19:23 of 2nd period - Brian Sutherby wins face-off versus Ilya Kovalchuk in Senators zone.
19:35 of 2nd period - Minor Penalty to Christoph Schubert for Hooking.
19:36 of 2nd period - Jason Spezza wins face-off versus David Vyborny in Senators zone.

Period #3

0:01 of 3rd period - David Vyborny wins face-off versus Jason Spezza in neutral zone.
0:09 of 3rd period - Icing by Shaone Morrisonn.
0:10 of 3rd period - Maxim Afinogenov wins face-off versus David Vyborny in Capitals zone.
0:10 of 3rd period - Tom Preissing is hit by Shaone Morrisonn and loses puck.
1:20 of 3rd period - Shot by Matt Pettinger.
1:20 of 3rd period - Shot Hit the Post.
1:22 of 3rd period - Shot by Matt Pettinger.
1:22 of 3rd period - Deflect By Dainius Zubrus.
1:22 of 3rd period - Goal by Dainius Zubrus - Capitals : 2 - Senators : 4.
1:23 of 3rd period - Chris Kunitz wins face-off versus Brian Sutherby in neutral zone.
1:25 of 3rd period - Jordan Staal is hit by Jeff Schultz and loses puck.
1:34 of 3rd period - Shot by Jordan Staal.
1:34 of 3rd period - Stopped by Fredrik Norrena with a rebound.
1:35 of 3rd period - Minor Penalty to Jeff Schultz for Roughing.
1:36 of 3rd period - Andy Mcdonald wins face-off versus Dainius Zubrus in Capitals zone.
1:43 of 3rd period - Shot by Marc-Andre Bergeron.
1:43 of 3rd period - Shot Misses the Net.
1:47 of 3rd period - Shot by Andy Mcdonald.
1:47 of 3rd period - Deflect By Jason Pominville.
1:47 of 3rd period - Goal by Jason Pominville - Capitals : 2 - Senators : 5.
1:48 of 3rd period - Brian Sutherby wins face-off versus Jordan Staal in neutral zone.
2:23 of 3rd period - Shot by Richard Zednik.
2:23 of 3rd period - Stopped by Pascal Leclaire without a rebound.
2:24 of 3rd period - Jason Spezza wins face-off versus David Vyborny in Senators zone.
3:11 of 3rd period - Jason Spezza is hit by Alexander Ovechkin and loses puck.
3:21 of 3rd period - Minor Penalty to Trent Hunter for Tripping.
3:22 of 3rd period - Andy Mcdonald wins face-off versus Dainius Zubrus in neutral zone.
3:31 of 3rd period - Shot by Chris Kunitz.
3:31 of 3rd period - Stopped by Fredrik Norrena without a rebound.
3:32 of 3rd period - Dainius Zubrus wins face-off versus Andy Mcdonald in Capitals zone.
4:01 of 3rd period - Icing by Jason Pominville.
4:02 of 3rd period - Andy Mcdonald wins face-off versus Dainius Zubrus in Senators zone.
4:02 of 3rd period - Andy Mcdonald is hit by Dainius Zubrus.
4:34 of 3rd period - Shot by Maxim Afinogenov.
4:34 of 3rd period - Stopped by Fredrik Norrena without a rebound.
4:35 of 3rd period - Brian Sutherby wins face-off versus Jason Spezza in Capitals zone.
4:56 of 3rd period - Shot by Ilya Kovalchuk.
4:56 of 3rd period - Shot Misses the Net.
5:15 of 3rd period - Minor Penalty to Chris Kunitz for Charging.
5:16 of 3rd period - David Vyborny wins face-off versus Jason Pominville in Capitals zone.
7:28 of 3rd period - Shot by Jordan Staal.
7:28 of 3rd period - Stopped by Fredrik Norrena with a rebound.
7:30 of 3rd period - Shot by Mike Cammalleri.
7:30 of 3rd period - Stopped by Fredrik Norrena with a rebound.
7:32 of 3rd period - Shot by Jordan Staal.
7:32 of 3rd period - Deflect By Mike Cammalleri.
7:32 of 3rd period - Stopped by Fredrik Norrena without a rebound.
7:33 of 3rd period - Andy Mcdonald wins face-off versus Dainius Zubrus in Capitals zone.
8:09 of 3rd period - Off-side.
8:10 of 3rd period - Richard Zednik wins face-off versus Jordan Staal in neutral zone.
8:19 of 3rd period - Shot by Jordan Staal.
8:19 of 3rd period - Shot Misses the Net.
8:23 of 3rd period - Shot by Mike Cammalleri.
8:23 of 3rd period - Shot Misses the Net.
8:41 of 3rd period - Shot by Mike Cammalleri.
8:41 of 3rd period - Shot Blocked by Adrian Aucoin.
8:43 of 3rd period - Shot by Mike Cammalleri.
8:43 of 3rd period - Shot Misses the Net.
8:45 of 3rd period - Shot by Mike Cammalleri.
8:45 of 3rd period - Stopped by Fredrik Norrena with a rebound.
8:47 of 3rd period - Shot by Christoph Schubert.
8:47 of 3rd period - Stopped by Fredrik Norrena with a rebound.
8:51 of 3rd period - Shot by Chris Kunitz.
8:51 of 3rd period - Stopped by Fredrik Norrena without a rebound.
8:52 of 3rd period - Michel Ouellet wins face-off versus David Vyborny in Capitals zone.
9:20 of 3rd period - Icing by Ben Clymer.
9:21 of 3rd period - Andy Mcdonald wins face-off versus David Vyborny in Capitals zone.
9:34 of 3rd period - Chris Clark is hit by Tom Preissing and loses puck.
9:37 of 3rd period - Shot by Chris Clark.
9:37 of 3rd period - Stopped by Pascal Leclaire without a rebound.
9:38 of 3rd period - Dainius Zubrus wins face-off versus Jason Spezza in Senators zone.
9:49 of 3rd period - Shot by Alexander Semin.
9:49 of 3rd period - Deflect By Dainius Zubrus.
9:49 of 3rd period - Shot Blocked by Ilya Kovalchuk.
9:53 of 3rd period - Shot by Alexander Semin.
9:53 of 3rd period - Shot Blocked by Jay Bouwmeester.
9:57 of 3rd period - Shot by Trent Hunter.
9:57 of 3rd period - Deflect By Dainius Zubrus.
9:57 of 3rd period - Shot Blocked by Jay Bouwmeester.
9:59 of 3rd period - Shot by Dainius Zubrus.
9:59 of 3rd period - Shot Misses the Net.
10:03 of 3rd period - Shot by Dainius Zubrus.
10:03 of 3rd period - Stopped by Pascal Leclaire with a rebound.
10:05 of 3rd period - Shot by Bryan Muir.
10:05 of 3rd period - Shot Misses the Net.
10:51 of 3rd period - Shot by Ryane Clowe.
10:51 of 3rd period - Stopped by Pascal Leclaire without a rebound.
10:52 of 3rd period - Jordan Staal wins face-off versus David Vyborny in Senators zone.
11:00 of 3rd period - Matt Carle is hit by Alexander Ovechkin and loses puck.
11:19 of 3rd period - Shot by Mike Cammalleri.
11:19 of 3rd period - Shot Blocked by Ben Clymer.
12:11 of 3rd period - Shot by Andy Mcdonald.
12:11 of 3rd period - Stopped by Fredrik Norrena without a rebound.
12:12 of 3rd period - Dainius Zubrus wins face-off versus Rostislav Olesz in Capitals zone.
12:20 of 3rd period - Icing by Brian Pothier.
12:21 of 3rd period - Dainius Zubrus wins face-off versus Andy Mcdonald in Capitals zone.
12:32 of 3rd period - Shot by Alexander Semin.
12:32 of 3rd period - Shot Misses the Net.
12:34 of 3rd period - Shot by Alexander Semin.
12:34 of 3rd period - Goal by Alexander Semin - Capitals : 3 - Senators : 5.
12:35 of 3rd period - Maxim Afinogenov wins face-off versus Brian Sutherby in neutral zone.
12:35 of 3rd period - Ilya Kovalchuk is hit by Richard Zednik and loses puck.
12:45 of 3rd period - Off-side.
12:46 of 3rd period - Rostislav Olesz wins face-off versus Dainius Zubrus in neutral zone.
12:56 of 3rd period - Minor Penalty to Michel Ouellet for Interference.
12:57 of 3rd period - David Vyborny wins face-off versus Maxim Afinogenov in Capitals zone.
13:06 of 3rd period - Shot by Adrian Aucoin.
13:06 of 3rd period - Stopped by Pascal Leclaire with a rebound.
13:59 of 3rd period - Icing by Shaone Morrisonn.
14:00 of 3rd period - Jason Spezza wins face-off versus Dainius Zubrus in Capitals zone.
14:11 of 3rd period - Shot by Alexander Ovechkin.
14:11 of 3rd period - Shot Blocked by Jay Bouwmeester.
14:13 of 3rd period - Shot by Brian Pothier.
14:13 of 3rd period - Shot Misses the Net.
14:15 of 3rd period - Shot by Dainius Zubrus.
14:15 of 3rd period - Deflect By Alexander Ovechkin.
14:15 of 3rd period - Shot Misses the Net.
14:19 of 3rd period - Shot by Alexander Ovechkin.
14:19 of 3rd period - Shot Misses the Net.
14:21 of 3rd period - Shot by Brian Pothier.
14:21 of 3rd period - Shot Misses the Net.
14:23 of 3rd period - Shot by Dainius Zubrus.
14:23 of 3rd period - Shot Misses the Net.
14:25 of 3rd period - Shot by Brian Pothier.
14:25 of 3rd period - Shot Blocked by Jay Bouwmeester.
14:39 of 3rd period - Shot by Ben Clymer.
14:39 of 3rd period - Shot Misses the Net.
14:41 of 3rd period - Shot by Ben Clymer.
14:41 of 3rd period - Shot Misses the Net.
14:43 of 3rd period - Shot by Adrian Aucoin.
14:43 of 3rd period - Shot Misses the Net.
14:45 of 3rd period - Shot by Adrian Aucoin.
14:45 of 3rd period - Shot Blocked by Tom Preissing.
14:47 of 3rd period - Shot by Matt Pettinger.
14:47 of 3rd period - Stopped by Pascal Leclaire without a rebound.
14:48 of 3rd period - Chris Clark wins face-off versus Maxim Afinogenov in Senators zone.
15:21 of 3rd period - Icing by Adrian Aucoin.
15:22 of 3rd period - Brian Sutherby wins face-off versus Petr Prucha in Capitals zone.
15:22 of 3rd period - Brian Sutherby is hit by Petr Prucha.
15:25 of 3rd period - Icing by Richard Zednik.
15:26 of 3rd period - Andy Mcdonald wins face-off versus Brian Sutherby in Capitals zone.
15:55 of 3rd period - Petr Prucha is hit by Jeff Schultz and loses puck.
16:12 of 3rd period - Shot by Alexander Semin.
16:12 of 3rd period - Stopped by Pascal Leclaire without a rebound.
16:13 of 3rd period - Ilya Kovalchuk wins face-off versus David Vyborny in Senators zone.
16:18 of 3rd period - Shot by Jason Spezza.
16:18 of 3rd period - Stopped by Fredrik Norrena without a rebound.
16:19 of 3rd period - Jordan Staal wins face-off versus David Vyborny in Capitals zone.
16:45 of 3rd period - Icing by Chris Kunitz.
16:46 of 3rd period - Jordan Staal wins face-off versus Trent Hunter in Senators zone.
16:48 of 3rd period - Icing by Matt Carle.
16:49 of 3rd period - Chris Kunitz wins face-off versus Dainius Zubrus in Senators zone.
16:58 of 3rd period - Brian Pothier is hit by Chris Kunitz and loses puck.
17:09 of 3rd period - Shot by Jordan Staal.
17:09 of 3rd period - Stopped by Fredrik Norrena without a rebound.
17:10 of 3rd period - Jason Spezza wins face-off versus David Vyborny in Capitals zone.
17:38 of 3rd period - Alexander Ovechkin is hit by Anton Volchenkov and loses puck.
17:43 of 3rd period - Shot by Chris Clark.
17:43 of 3rd period - Shot Misses the Net.
17:47 of 3rd period - Shot by Alexander Ovechkin.
17:47 of 3rd period - Shot Misses the Net.
17:49 of 3rd period - Shot by Chris Clark.
17:49 of 3rd period - Shot Misses the Net.
17:51 of 3rd period - Shot by Chris Clark.
17:51 of 3rd period - Shot Misses the Net.
18:02 of 3rd period - Off-side.
18:03 of 3rd period - Trent Hunter wins face-off versus Petr Prucha in neutral zone.
18:28 of 3rd period - Shot by Dainius Zubrus.
18:28 of 3rd period - Stopped by Pascal Leclaire without a rebound.
18:29 of 3rd period - Mike Cammalleri wins face-off versus Richard Zednik in Senators zone.
18:55 of 3rd period - Mike Cammalleri is hit by Adrian Aucoin and loses puck.
18:58 of 3rd period - Shot by Mike Cammalleri.
18:58 of 3rd period - Stopped by Fredrik Norrena without a rebound.
18:59 of 3rd period - Dainius Zubrus wins face-off versus Andy Mcdonald in Capitals zone.
18:59 of 3rd period - Dainius Zubrus is hit by Jason Pominville.
19:31 of 3rd period - Shot by Dainius Zubrus.
19:31 of 3rd period - Stopped by Pascal Leclaire without a rebound.
19:32 of 3rd period - Jason Spezza wins face-off versus David Vyborny in Senators zone.
19:39 of 3rd period - Icing by Alexander Ovechkin.
19:40 of 3rd period - Jordan Staal wins face-off versus David Vyborny in Capitals zone.
19:50 of 3rd period - Minor Penalty to Christoph Schubert for Roughing.
19:51 of 3rd period - David Vyborny wins face-off versus Jason Spezza in Senators zone.
19:51 of 3rd period - David Vyborny is hit by Anton Volchenkov.


Output by the SimonT Hockey Simulator (STHS) for Stephane Roy -- Original Page W3C XHTML 1.0 Valid